 Dungeon Crawl Stone Soup version 0.21.0-25-ge575cb9 (webtiles) character file.

2979 troglodite the Magician (level 9, -9/71 HPs)
             Began as a Gnoll Skald on Jan 25, 2018.
             Was an Initiate of Gozag.
             Mangled by a komodo dragon (25 damage)
             ... on level 8 of the Dungeon.
             The game lasted 00:36:31 (10079 turns).

troglodite the Magician (Gnoll Skald)              Turns: 10079, Time: 00:36:31

Health: -9/71      AC:  8    Str: 16    XL:     9   Next: 82%
Magic:  0/28       EV: 15    Int: 20    God:    Gozag
Gold:   786        SH:  0    Dex: 16    Spells: 14/21 levels left

rFire    . . .     SeeInvis .   y - +2 dagger (vamp)
rCold    . . .     Gourm    .   (no shield)
rNeg     . . .     Faith    .   u - +0 ring mail
rPois    .         Spirit   +   (no helmet)
rElec    .         Reflect  .   H - scarf {Spirit}
rCorr    .         Harm     .   I - +1 pair of gloves
MR       .....                  (no boots)
Stlth    ++........             M - amulet of regeneration
HPRegen  0.61/turn              s - ring of magical power
MPRegen  0.21/turn              K - +5 ring of intelligence

@: no status effects
A: distributed training, fangs 1, strong nose
a: Potion Petition, Call Merchant, Bribe Branch, Renounce Religion


You were on level 8 of the Dungeon.
You worshipped Gozag.
Gozag was pleased with you.
You were not hungry.

You visited 1 branch of the dungeon, and saw 10 of its levels.

You collected 927 gold pieces.
You paid 141 gold pieces to Gozag.

Inventory:

Hand Weapons
 a - a +0 falchion
 w - a +1 hunting sling of freezing
 y - a +2 vampiric dagger (weapon)
Missiles
 f - 135 stones (quivered)
 v - 51 sling bullets
Armour
 i - a +0 cloak
 u - a +0 ring mail (worn)
 H - a scarf of spirit shield (worn)
 I - a +1 pair of gloves (worn)
Jewellery
 s - a ring of magical power (left hand)
 z - an uncursed ring of resist corrosion
 K - a +5 ring of intelligence (right hand)
 M - an amulet of regeneration (around neck)
Wands
 b - a wand of acid (7)
 m - a wand of disintegration (20)
 p - a wand of flame (20)
 q - a wand of digging (28)
 L - a wand of paralysis (10)
Scrolls
 l - 3 scrolls of identify
 o - 3 scrolls of magic mapping
 t - 3 scrolls of remove curse
 x - a scroll of teleportation
 A - a scroll of amnesia
 J - a scroll of brand weapon {unknown}
Potions
 e - 4 potions of brilliance
 g - 3 potions of might
 h - a potion of lignification
 j - 4 potions of agility
 k - 3 potions of curing
 n - a potion of degeneration {unknown}
 r - 2 potions of berserk rage
 D - 3 potions of magic
Books
 c - a book of Battle

   Spells                             Type                      Level
   a - Infusion                       Charms                       1
   b - Shroud of Golubria             Charms/Translocation         2
   c - Song of Slaying                Charms                       2
   d - Spectral Weapon                Hexes/Charms                 3
   e - Regeneration                   Charms/Necromancy            3
 C - a book of Maledictions

   Spells                             Type                      Level
   a - Corona                         Hexes                        1
   b - Ensorcelled Hibernation        Hexes/Ice                    2
   c - Confuse                        Hexes                        3
   d - Tukima's Dance                 Hexes                        3
   e - Dazzling Spray                 Conjuration/Hexes            3
Miscellaneous
 G - a sack of spiders
Comestibles
 d - 14 rations


   Skills:
 + Level 6.5 Fighting
 + Level 4.5 Short Blades
 + Level 6.5 Long Blades
 + Level 4.5 Axes
 + Level 4.5 Maces & Flails
 + Level 4.5 Polearms
 + Level 4.5 Staves
 + Level 4.5 Slings
 + Level 4.5 Bows
 + Level 4.5 Crossbows
 + Level 4.5 Throwing
 + Level 5.3 Armour
 + Level 6.5 Dodging
 + Level 4.5 Stealth
 + Level 4.5 Shields
 + Level 4.5 Unarmed Combat
 + Level 6.8 Spellcasting
 + Level 3.7 Conjurations
 + Level 3.7 Hexes
 + Level 6.7 Charms
 + Level 3.7 Summonings
 + Level 3.7 Necromancy
 + Level 3.7 Translocations
 + Level 3.7 Transmutations
 + Level 3.7 Fire Magic
 + Level 3.7 Ice Magic
 + Level 3.7 Air Magic
 + Level 3.7 Earth Magic
 + Level 3.7 Poison Magic
 + Level 5.0 Invocations
 + Level 4.5 Evocations


You had 14 spell levels left.
You knew the following spells:

 Your Spells              Type           Power        Failure   Level  Hunger
a - Infusion              Chrm           ####         1%          1    None
b - Spectral Weapon       Hex/Chrm       ####....     6%          3    #......
c - Regeneration          Chrm/Necr      ####......   6%          3    #......


Dungeon Overview and Level Annotations

Branches:
Dungeon (10/15)            Temple (0/1) D:7            Lair (0/6) D:8
    Orc (0/2) D:9

Altars:
Ashenzari
Fedhas
Gozag
Okawaru
Ru

Annotations:
D:10 Fannar


Innate Abilities, Weirdness & Mutations

Your experience applies equally to all skills.
You have very sharp teeth.
Your uncanny sense of smell can sniff out nearby items.


Message History

The komodo dragon is severely wounded.
Your spectral weapon hits the komodo dragon.
Your spectral weapon is healed.
The komodo dragon bites you!!
You completely miss the komodo dragon.
The komodo dragon is almost dead.
Your spectral weapon hits the komodo dragon.
Your spectral weapon is healed.
The komodo dragon bites your spectral weapon!
Your spectral weapon shares its damage with you!
You closely miss the komodo dragon.
The komodo dragon is almost dead.
Your spectral weapon barely misses the komodo dragon.
The komodo dragon bites you!!
* * * LOW HITPOINT WARNING * * *
You hit the komodo dragon but do no damage.
The komodo dragon is almost dead.
Your spectral weapon barely misses the komodo dragon.
The komodo dragon bites you!!
You die...
Your body crumbles into a pile of gold.

############## ##.....##.....##
##..............######
#...................[#
####................##.## #
..>.................##.# ##
....................##.# #.
...#........|...@...#..# ##.
..<#............(l..#.#########..
....####.....####..##.##........#
...###.P...P...##.....##......###
#####P..PP......#.............# #
#PPPP.PPP.....##.###......# #
#PPP....P.....#..###.######
#PP.>..PPP.P.##.###..#...#
#PP...PPPPPP###.#...##...#


You could see a komodo dragon and a friendly spectral vampiric dagger.

Vanquished Creatures
  Pikel (D:6)
  A hippogriff (D:7)
  A wyvern (D:7)
  A water moccasin (D:6)
  3 ice beasts
  A necrophage (D:5)
  A sky beast (D:7)
  2 ogres
  2 centaurs
  A bullfrog (D:8)
  A water moccasin zombie (D:5)
  A scorpion (D:5)
  5 killer bees
  2 electric eels (D:6)
  A centaur zombie (D:8)
  2 crimson imps
  A hound (D:10)
  An orc priest (D:4)
  3 orc wizards
  An iguana (D:8)
  4 worker ants
  A killer bee zombie (D:7)
  A hound skeleton (D:5)
  2 hound zombies (D:5)
  A howler monkey zombie (D:5)
  11 adders
  A gnoll (D:10)
  An adder skeleton (D:5)
  2 worms
  7 dart slugs
  3 leopard geckos
  20 orcs
  5 giant cockroaches
  10 goblins
  9 hobgoblins
  12 jackals
  7 quokkas
  A ball python (D:4)
  11 bats
  7 frilled lizards
  A giant cockroach zombie (D:5)
  A jackal zombie (D:9)
  4 kobolds
  6 rats
160 creatures vanquished.

Vanquished Creatures (collateral kills)
  An orc warrior (D:8)
  An ice beast (D:8)
  An ogre (D:8)
3 creatures vanquished.

Vanquished Creatures (others)
  3 slaves (D:6)
  4 dart slugs (D:6)
  An orc (D:9)
  3 plants (D:8)
  5 spectral weapons
16 creatures vanquished.

Grand Total: 179 creatures vanquished

Notes
Turn   | Place    | Note
-------+----------+-------------------------------------------
     0 | D:1      | troglodite the Gnoll Skald began the quest for the Orb.
     0 | D:1      | Reached XP level 1. HP: 20/20 MP: 6/6
    10 | D:1      | Noticed an ogre
    85 | D:1      | Reached XP level 2. HP: 23/26 MP: 7/7
   511 | D:1      | Reached XP level 3. HP: 31/31 MP: 9/9
   516 | D:1      | Learned a level 3 spell: Spectral Weapon
   520 | D:1      | Learned a level 3 spell: Regeneration
   689 | D:1      | Reached skill level 5 in Spellcasting
  1101 | D:2      | Reached skill level 1 in Invocations
  1135 | D:2      | Found a shattered altar of Ashenzari.
  1228 | D:2      | Reached skill level 1 in Short Blades
  1228 | D:2      | Reached skill level 1 in Axes
  1228 | D:2      | Reached skill level 1 in Maces & Flails
  1228 | D:2      | Reached skill level 1 in Polearms
  1228 | D:2      | Reached skill level 1 in Staves
  1228 | D:2      | Reached skill level 1 in Slings
  1228 | D:2      | Reached skill level 1 in Bows
  1228 | D:2      | Reached skill level 1 in Crossbows
  1228 | D:2      | Reached skill level 1 in Throwing
  1228 | D:2      | Reached skill level 1 in Stealth
  1228 | D:2      | Reached skill level 1 in Shields
  1228 | D:2      | Reached skill level 1 in Unarmed Combat
  1228 | D:2      | Reached skill level 1 in Evocations
  1374 | D:2      | Reached XP level 4. HP: 38/38 MP: 11/11
  2290 | D:3      | Reached skill level 1 in Conjurations
  2290 | D:3      | Reached skill level 1 in Hexes
  2290 | D:3      | Reached skill level 1 in Summonings
  2290 | D:3      | Reached skill level 1 in Necromancy
  2290 | D:3      | Reached skill level 1 in Translocations
  2290 | D:3      | Reached skill level 1 in Transmutations
  2290 | D:3      | Reached skill level 1 in Fire Magic
  2290 | D:3      | Reached skill level 1 in Ice Magic
  2290 | D:3      | Reached skill level 1 in Air Magic
  2290 | D:3      | Reached skill level 1 in Earth Magic
  2290 | D:3      | Reached skill level 1 in Poison Magic
  2609 | D:3      | Reached XP level 5. HP: 39/43 MP: 12/12
  3924 | D:4      | Reached XP level 6. HP: 34/50 MP: 13/13
  4135 | D:4      | Found a sacrificial altar of Ru.
  4516 | D:5      | Entered Level 5 of the Dungeon
  4575 | D:5      | Noticed a necrophage
  4589 | D:5      | Killed a necrophage
  4589 | D:5      | Reached skill level 5 in Fighting
  4589 | D:5      | Reached skill level 5 in Long Blades
  4589 | D:5      | Reached skill level 5 in Dodging
  4859 | D:5      | Found a blossoming altar of Fedhas.
  5000 | D:5      | Reached XP level 7. HP: 45/56 MP: 15/15
  6167 | D:6      | Noticed Pikel
  6192 | D:6      | Killed Pikel
  6192 | D:6      | Reached XP level 8. HP: 35/63 MP: 17/17
  7147 | D:6      | Found an iron altar of Okawaru.
  7147 | D:6      | Found an opulent altar of Gozag.
  7159 | D:6      | Became a worshipper of Gozag Ym Sagoz the Greedy
  8173 | D:7      | Reached XP level 9. HP: 31/69 MP: 10/18
  8297 | D:7      | Found a staircase to the Ecumenical Temple.
  9043 | D:8      | Reached skill level 5 in Armour
  9509 | D:8      | Found a staircase to the Lair.
  9510 | D:8      | Noticed a komodo dragon
  9698 | D:8      | You fall through a shaft!
  9904 | D:9      | Found a staircase to the Orcish Mines.
  9926 | D:10     | Entered Level 10 of the Dungeon
  9950 | D:10     | Reached skill level 5 in Invocations
  9966 | D:10     | Noticed Fannar
 10079 | D:8      | Mangled by a komodo dragon

Skill      XL: |  1  2  3  4  5  6  7  8  9 |
---------------+----------------------------+-----
Spellcasting   | 5 6 |  6.8
Invocations    | 1 2 3 4 5 |  5.0
Short Blades   | 1 2 3 4 |  4.5
Axes           | 1 2 3 4 |  4.5
Maces & Flails | 1 2 3 4 |  4.5
Polearms       | 1 2 3 4 |  4.5
Staves         | 1 2 3 4 |  4.5
Slings         | 1 2 3 4 |  4.5
Bows           | 1 2 3 4 |  4.5
Crossbows      | 1 2 3 4 |  4.5
Throwing       | 1 2 3 4 |  4.5
Stealth        | 1 2 3 4 |  4.5
Shields        | 1 2 3 4 |  4.5
Unarmed Combat | 1 2 3 4 |  4.5
Evocations     | 1 2 3 4 |  4.5
Conjurations   | 1 2 3 |  3.7
Hexes          | 1 2 3 |  3.7
Summonings     | 1 2 3 |  3.7
Necromancy     | 1 2 3 |  3.7
Translocations | 1 2 3 |  3.7
Transmutations | 1 2 3 |  3.7
Fire Magic     | 1 2 3 |  3.7
Ice Magic      | 1 2 3 |  3.7
Air Magic      | 1 2 3 |  3.7
Earth Magic    | 1 2 3 |  3.7
Poison Magic   | 1 2 3 |  3.7
Armour         | 3 4 5 |  5.3
Fighting       | 5 6 |  6.5
Long Blades    | 5 6 |  6.5
Dodging        | 5 6 |  6.5
Charms         | 6 |  6.7

Action                   |  1- 3 |  4- 6 |  7- 9 || total
-------------------------+-------+-------+-------++-------
Melee: Falchion          |   111 |   145 |       ||   256
       Bite              |    15 |    39 |    74 ||   128
       Punch             |       |     4 |    13 ||    17
       Dagger            |       |    62 |   576 ||   638
 Cast: Spectral Weapon   |       |     7 |    29 ||    36
       Regeneration      |       |     1 |    11 ||    12
  Use: Scroll            |       |     5 |    13 ||    18
 Stab: Sleeping          |     2 |     2 |       ||     4
       Distracted        |       |       |     7 ||     7
  Eat: Chunk             |     2 |    10 |     7 ||    19
       Ration            |       |     2 |     4 ||     6
Armor: Leather armour    |    27 |     9 |       ||    36
       Ring mail         |       |    47 |   157 ||   204
Dodge: Dodged            |   110 |   170 |   518 ||   798
       Rpst.: Falchion   |    35 |    41 |       ||    76
